 Dungeon Crawl Stone Soup version 0.27-a0-1529-g1e82c303ef (webtiles) character file.

Game seed: 7350065090116043082

15951 BlueGoblin the Grappler (level 12, -4/122 HPs)
             Began as a Troll Chaos Knight on July 12, 2021.
             Was a Plaything of Xom.
             Slain by a 14-headed hydra (5 damage)
             ... on level 2 of the Lair of Beasts.
             The game lasted 00:28:29 (9760 turns).

BlueGoblin the Grappler (Troll Chaos Knight)        Turns: 9760, Time: 00:28:29

Health: -4/122     AC: 10    Str: 25      XL:     12   Next: 5%
Magic:  11/11      EV: 15    Int:  6 (8)  God:    Xom [.....*]
Gold:   854        SH:  5    Dex:  7      Spells: 11/11 levels left

rFire    + . .     SeeInvis +     - Unarmed
rCold    + + .     Faith    .   (no shield)
rNeg     + + +     Spirit   .   v - +1 troll leather armour
rPois    +         Reflect  +   e - +0 hat
rElec    .         Harm     .   l - +1 cloak
rCorr    .         Rampage  .   (gloves unavailable)
Will     .....                  (boots unavailable)
Stlth    ++........             i - amulet of reflection
HPRegen  2.30/turn              k - ring of flight
MPRegen  0.12/turn              r - ring "Usapp" {rPois rC+ rN+++ EV+4}

@: flying
A: large, unfitting armour, claws 3, regeneration 1, shaggy fur 2, tough skin 1,
see invisible, clumsy 1, cold resistance 1, fire resistance 1, sense
surroundings 1, robust 1, screaming 1, weak 1
a: Renounce Religion


You were on level 2 of the Lair of Beasts.
You worshipped Xom.
You were Xom's teddy bear.
You visited 2 branches of the dungeon, and saw 13 of its levels.
You also visited: Bailey.

You collected 854 gold pieces.

Inventory:

Missiles
 s - 18 atropa-tipped darts
 A - 2 throwing nets
 F - a curare-tipped dart
Armour
 a - a +2 robe
 e - a +0 hat (worn)
 l - a +1 cloak (worn)
 v - a +1 troll leather armour (worn)
Jewellery
 h - the ring "Hiylon" {Wiz +Blink rElec rC- Stlth-}
   (Xom gifted it to you on level 1 of the Dungeon)

   [ring of wizardry]

   It improves your spell success rate.
   rC:        It makes you vulnerable to cold.
   rElec:     It insulates you from electricity.
   +Blink:    It lets you blink.
   Stlth:     It makes you less stealthy.
 i - an amulet of reflection (around neck)
 k - a ring of flight (left claw)
 r - the ring "Usapp" (right claw) {rPois rC+ rN+++ EV+4}
   (You found it on level 6 of the Dungeon)

   [ring of evasion]

   EV:        It affects your evasion (+4).
   rC:        It protects you from cold.
   rPois:     It protects you from poison.
   rN:        It renders you almost immune to negative energy.
Wands
 o - a wand of flame (18)
 q - a wand of acid (5)
 u - a wand of iceblast (17)
 x - a wand of polymorph (8)
 y - a wand of charming (10)
Scrolls
 c - 2 scrolls of teleportation
 w - a scroll of fog
 D - a scroll of noise
 K - 3 scrolls of enchant weapon
Potions
 b - 9 potions of flight
 d - 7 potions of attraction
 f - 2 potions of cancellation
 g - 2 potions of heal wounds
 j - a potion of might {unknown}
 m - a potion of lignification {unknown}
 n - 2 potions of curing {unknown}
 p - 4 potions of mutation
 t - 2 potions of resistance {unknown}
 B - 3 potions of degeneration {unknown}
 C - a potion of brilliance {unknown}
 E - a potion of invisibility {unknown}
 J - a potion of ambrosia {unknown}
Miscellaneous
 z - a condenser vane
 G - a lightning rod (4/4)
 L - a piece from Xom's chessboard (4/15) (quivered)


   Skills:
 + Level 5.1 Fighting
 + Level 1.4 Throwing
 + Level 2.3 Armour
 + Level 8.0 Dodging
 + Level 2.8 Stealth
 + Level 4.0 Shields
 + Level 14.3 Unarmed Combat
 + Level 0.8 Evocations


You had 11 spell levels left.
You didn't know any spells.
Your spell library contained the following spells:

 Spells                   Type           Power      Damage    Failure   Level
 Beastly Appendage        Tmut           0%         N/A       50%         1
 Foxfire                  Conj/Fire      0%         2x1d4     50%         1
 Sublimation of Blood     Necr           0%         N/A       63%         2
 Wereblood                Tmut           0%         N/A       63%         2
 Conjure Flame            Conj/Fire      0%         6-21      86%         3
 Inner Flame              Hex/Fire       0%         N/A       86%         3
 Portal Projectile        Hex/Tloc       0%         N/A       86%         3
 Spider Form              Tmut/Pois      0%         N/A       86%         3
 Stone Arrow              Conj/Erth      0%         3d7       86%         3
 Cause Fear               Hex            0%         N/A       99%         4
 Fulminant Prism          Conj/Hex       0%         3d6       99%         4
 Iskenderun's Mystic Bla  Conj/Tloc      0%         2d3       99%         4
 Passage of Golubria      Tloc           N/A        N/A       99%         4
 Summon Ice Beast         Ice/Summ       0%         N/A       99%         4
 Lee's Rapid Deconstruct  Erth           0%         3d5*      100%        5
 Silence                  Hex/Air        0%         N/A       100%        5
 Summon Forest            Summ/Tloc      0%         N/A       100%        5
 Summon Mana Viper        Hex/Summ       0%         N/A       100%        5
 Eringya's Noxious Bog    Tmut/Pois      0%         N/A       100%        6
 Monstrous Menagerie      Summ           0%         N/A       100%        7
 Summon Hydra             Summ           0%         N/A       100%        7
 Discord                  Hex            0%         N/A       100%        8
 Disjunction              Tloc           0%         N/A       100%        8
 Lehudib's Crystal Spear  Conj/Erth      0%         10d2      100%        8


Dungeon Overview and Level Annotations

Branches:
Dungeon (11/15)            Temple (0/1) D:4            Lair (2/6) D:11
  Snake (0/4) Lair:2          Orc (0/2) D:11         Bailey (visited)
  Swamp: Lair:2-4    Shoals: Lair:2-4

Altars:
Hepliaklqana
Makhleb
Nemelex Xobeh
Ru
Sif Muna
Wu Jian
Xom

Shops:
D:1 [   D:7 :[   D:8 ?


Innate Abilities, Weirdness & Mutations

You are too large for most types of armour.
You have claws for hands.
Your natural rate of healing is unusually fast.
You are covered in thick fur. (AC +2)
You have tough skin. (AC +1)
You have supernaturally acute eyesight. (SInv)
You are clumsy. (Dex -2)
Your flesh is cold resistant. (rC+)
Your flesh is heat resistant. (rF+)
You passively map a small area around you.
You are robust. (+10% HP)
You occasionally shout uncontrollably at your foes.
You are weak. (Str -2)


Message History

* * * LOW HITPOINT WARNING * * *
The 14-headed hydra barely misses you. The 14-headed hydra bites you.
* * * LOW HITPOINT WARNING * * *
The 14-headed hydra bites you.
* * * LOW HITPOINT WARNING * * *
The 14-headed hydra bites you but does no damage.
Xom's malign attention turns to you for a moment.
You feel dopey.
You are now Xom's teddy bear.
The 14-headed hydra bites you!
* * * LOW HITPOINT WARNING * * *
The 14-headed hydra barely misses you. The 14-headed hydra bites you.
* * * LOW HITPOINT WARNING * * *
The 14-headed hydra bites you but does no damage.
You block the 14-headed hydra's attack. The 14-headed hydra barely misses you.
The 14-headed hydra closely misses you.
The 14-headed hydra bites you but does no damage.
The 14-headed hydra bites you!
* * * LOW HITPOINT WARNING * * *
The 14-headed hydra misses you.
The 14-headed hydra bites you but does no damage.
The 14-headed hydra barely misses you. The 14-headed hydra misses you.
The 14-headed hydra barely misses you.
You feel much better. The 14-headed hydra bites you!
* * * LOW HITPOINT WARNING * * *
The 14-headed hydra misses you. The 14-headed hydra bites you!
* * * LOW HITPOINT WARNING * * *
The 14-headed hydra completely misses you.
The 14-headed hydra closely misses you. The 14-headed hydra bites you.
* * * LOW HITPOINT WARNING * * *
The 14-headed hydra misses you. You block the 14-headed hydra's attack.
The 14-headed hydra bites you!
* * * LOW HITPOINT WARNING * * *
You block the 14-headed hydra's attack.
The 14-headed hydra bites you but does no damage.
The 14-headed hydra bites you.
* * * LOW HITPOINT WARNING * * *
The 14-headed hydra bites you.
You die...
Xom thinks this is hilarious!

.......................###..#....
P.#....................# ##.#....
..#.#................#.. * ##....
......................* *P.P...
.................... #.....
#.................., .P....
#.................#,* ......
#.................# *......
................@.# ......
................D## ......
.................# * ......
..<..............#### ......
...................P# ......
...................P# ,.....
....................# ...
...................P# , ...
#....................P* ...


You could see a 14-headed hydra.

Vanquished Creatures
  Nergalle (Lair:1)
  A manticore (D:11)
  A cyclops (D:11)
  An ice statue (D:8)
  A black mamba (Lair:1)
  3 cane toads
  A kobold demonologist (D:10)
  7 komodo dragons
  2 trolls
  Prince Ribbit (D:8)
  A redback (Lair:1)
  A wraith (D:8)
  A shadow (D:11)
  10 yaks
  5 wyverns
  4 fire bats (D:9)
  2 basilisks
  Menkaure (D:7)
  An acid dragon (D:11)
  A naga (Lair:2)
  A hell hound (D:9)
  5 water moccasins
  A sky beast (D:5)
  7 orc warriors
  A necrophage (D:8)
  5 ogres
  A black bear (D:6)
  5 centaurs
  2 phantoms
  4 kobold brigands
  4 bullfrogs
  A wyvern zombie (D:8)
  3 scorpions
  2 troll zombies (D:11)
  A water moccasin zombie (D:6)
  10 killer bees
  3 wights (D:8)
  2 electric eels (D:11)
  A howler monkey (D:6)
  2 lava snakes (D:9)
  6 centaur zombies
  A bullfrog skeleton (D:6)
  2 hounds
  3 jellies
  4 orc priests
  A centaur skeleton (D:5)
  4 orc wizards
  6 ogre zombies (D:11)
  A howler monkey zombie (D:10)
  A gnoll (Bailey)
  5 adders
  2 white imps
  4 ufetubi
  An adder skeleton (D:4)
  3 worms
  A dart slug (D:2)
  30 orcs
  8 endoplasms
  3 giant cockroaches
  4 hobgoblins
  6 jackals (D:2)
  2 quokkas (D:1)
  A ball python (D:4)
  3 bats
  4 frilled lizards
  10 goblins
  3 goblin zombies (D:11)
  2 hobgoblin skeletons (D:11)
  6 hobgoblin zombies (D:11)
  25 kobolds
  5 orc skeletons (D:11)
  9 orc zombies (D:11)
  6 rats
  A bush (D:7)
  3 fire vortices (D:9)
283 creatures vanquished.

Vanquished Creatures (collateral kills)
  2 two-headed ogres (D:9)
  2 kobolds (Bailey)
4 creatures vanquished.

Vanquished Creatures (others)
  A komodo dragon (Lair:1)
  A water moccasin (Lair:1)
  A black bear (D:4)
  A hound (D:4)
  9 fungi
  38 plants
51 creatures vanquished.

Grand Total: 338 creatures vanquished

Notes
Turn   | Place    | Note
-------+----------+-------------------------------------------
     0 | D:1      | BlueGoblin the Troll Chaos Knight began the quest for the
                  | Orb.
     0 | D:1      | Reached XP level 1. HP: 22/22 MP: 0/0
    23 | D:1      | Found Owkoov's Armour Shoppe.
   138 | D:1      | You fall into a shaft and drop 1 floor!
   154 | D:2      | Reached XP level 2. HP: 27/27 MP: 1/1
   344 | D:2      | XOM: silly message
   399 | D:2      | Reached XP level 3. HP: 36/36 MP: 2/2
   556 | D:2      | XOM: give mutations
   556 | D:2      | Gained mutation: Your body sometimes deteriorates upon
                  | taking damage. [Xom's mischief]
   556 | D:2      | Gained mutation: You are partially covered in iridescent
                  | scales. (AC +2) [Xom's mischief]
   556 | D:2      | Gained mutation: You are clumsy. (Dex -2) [Xom's mischief]
   556 | D:2      | Gained mutation: You are weak. (Str -2) [Xom's mischief]
   600 | D:2      | Found a faded altar of an unknown god.
   678 | D:2      | XOM: stat loss: -1 Str (18/19)
  1002 | D:1      | XOM: give mutations
  1002 | D:1      | Gained mutation: You are very weak. (Str -4) [Xom's
                  | mischief]
  1002 | D:1      | Lost mutation: You are partially covered in iridescent
                  | scales. (AC +2) [Xom's mischief]
  1002 | D:1      | Lost mutation: You are very weak. (Str -4) [Xom's mischief]
  1048 | D:1      | Reached skill level 4 in Unarmed Combat
  1294 | D:1      | Identified the ring "Hiylon" {Wiz +Blink rElec rC- Stlth-}
                  | (Xom gifted it to you on level 1 of the Dungeon)
  1294 | D:1      | XOM: god gift: ring "Hiylon" {Wiz +Blink rElec rC- Stlth-}
  1539 | D:2      | XOM: god gift: scroll labelled TOIKAENGAA {god gift}
  1631 | D:3      | XOM: enchant monster (bad)
  1643 | D:3      | Reached XP level 4. HP: 41/44 MP: 3/3
  1657 | D:3      | XOM: chaos upgrade
  1761 | D:3      | Reached XP level 5. HP: 37/52 MP: 4/4
  1993 | D:3      | XOM is BORED!
  1993 | D:3      | XOM: summons 1 hostile shadow creature
  2049 | D:3      | XOM: give mutations
  2049 | D:3      | Gained mutation: You are robust. (+10% HP) [Xom's grace]
  2049 | D:3      | Lost mutation: You are weak. (Str -2) [Xom's grace]
  2049 | D:3      | Gained mutation: You have supernaturally acute eyesight.
                  | (SInv) [Xom's grace]
  2049 | D:3      | Gained mutation: You passively map a small area around you.
                  | [Xom's grace]
  2268 | D:3      | Found a burning altar of Makhleb.
  2336 | D:4      | Reached skill level 5 in Unarmed Combat
  2344 | D:4      | Reached XP level 6. HP: 65/67 MP: 5/5
  2407 | D:4      | Found a staircase to the Ecumenical Temple.
  2407 | D:4      | XOM: 6-stop teleportation journey
  2540 | D:4      | Reached skill level 6 in Unarmed Combat
  2594 | D:4      | XOM: divine lightning
  2595 | D:4      | Reached XP level 7. HP: 68/73 MP: 6/6
  2806 | D:5      | Entered Level 5 of the Dungeon
  2878 | D:5      | XOM: scenery: summon butterflies
  2908 | D:5      | Reached skill level 7 in Unarmed Combat
  3031 | D:5      | XOM: 4-stop teleportation journey
  3187 | D:5      | Reached XP level 8. HP: 82/82 MP: 7/7
  3206 | D:5      | XOM: blink monster(s)
  3250 | D:5      | Got Hekkiwn's Papyrus of Dislocated Stones
  3461 | D:6      | Reached skill level 8 in Unarmed Combat
  3462 | D:6      | XOM: fake destruction
  3467 | D:6      | Reached skill level 5 in Dodging
  3467 | D:6      | Reached skill level 1 in Stealth
  3551 | D:6      | Identified the ring "Usapp" {rPois rC+ rN+++ EV+4}
  3563 | D:6      | Reached skill level 9 in Unarmed Combat
  3566 | D:6      | Found a sparkling altar of Nemelex Xobeh.
  3593 | D:6      | XOM: god gift: 7 atropa-tipped darts
  3698 | D:6      | Found an ornate altar of the Wu Jian Council.
  3867 | D:6      | XOM: enchant monster (bad)
  3935 | D:6      | XOM: give mutation
  3935 | D:6      | Gained mutation: You occasionally shout uncontrollably at
                  | your foes. [Xom's mischief]
  4038 | D:6      | XOM: cast spell 'Dispersal'
  4094 | D:6      | Reached XP level 9. HP: 67/92 MP: 8/8
  4123 | D:7      | Noticed Menkaure
  4124 | D:7      | Killed Menkaure
  4232 | D:7      | Found Qucaerefy's Book Boutique.
  4243 | D:7      | Found Tiofat's Antique Armour Shoppe.
  4399 | D:7      | Reached skill level 1 in Throwing
  4458 | D:7      | Found a flagged portal.
  4587 | D:7      | Noticed a troll
  4590 | D:7      | XOM: summons friendly quasit
  4594 | D:7      | Killed a troll
  4595 | D:7      | Reached skill level 1 in Shields
  4595 | D:7      | Reached skill level 10 in Unarmed Combat
  4597 | Bailey   | Entered a bailey
  4686 | Bailey   | XOM: summons 3 friendly demons
  4918 | Bailey   | XOM: cleaving
  4932 | Bailey   | XOM: divination: detect creatures
  5234 | D:7      | Found a hazy altar of Hepliaklqana.
  5244 | D:7      | Found a shimmering blue altar of Sif Muna.
  5480 | D:8      | XOM: 1-stop teleportation journey
  5480 | D:8      | Noticed Prince Ribbit
  5483 | D:8      | XOM: enchant monster (bad)
  5484 | D:8      | XOM: swap monsters
  5504 | D:8      | Killed Prince Ribbit
  5595 | D:8      | Found Upiali's Magic Scroll Shoppe.
  5596 | D:8      | XOM: confuse monster(s)
  5597 | D:8      | XOM: fake destruction
  5605 | D:8      | Reached XP level 10. HP: 103/103 MP: 9/9
  5643 | D:8      | Reached skill level 11 in Unarmed Combat
  5695 | D:8      | XOM: cleaving
  5742 | D:8      | XOM: 3-stop teleportation journey
  5760 | D:8      | Found a sacrificial altar of Ru.
  5919 | D:8      | Noticed an ice statue
  5929 | D:8      | Killed an ice statue
  5972 | D:8      | XOM: give mutations
  5972 | D:8      | Gained mutation: Your flesh is heat resistant. (rF+) [Xom's
                  | grace]
  5972 | D:8      | Gained mutation: You are covered in thick fur. (AC +2)
                  | [Xom's grace]
  5972 | D:8      | Gained mutation: Your flesh is cold resistant. (rC+) [Xom's
                  | grace]
  6087 | D:9      | XOM: god gift: great sword {god gift}
  6288 | D:9      | Noticed a two-headed ogre
  6292 | D:9      | XOM: cleaving
  6293 | D:9      | XOM: smoke on damage
  6296 | D:9      | XOM: destruction
  6304 | D:9      | XOM: god gift: club {god gift}
  6309 | D:9      | XOM: potion effect (might)
  6313 | D:9      | Killed a two-headed ogre
  6380 | D:9      | Noticed a two-headed ogre
  6386 | D:9      | Killed a two-headed ogre
  6387 | D:9      | Reached skill level 12 in Unarmed Combat
  6736 | D:9      | XOM: silly message
  6947 | D:10     | Entered Level 10 of the Dungeon
  6950 | D:10     | XOM: noise
  7172 | D:10     | XOM: cloud trail
  7724 | D:10     | XOM: summons 1 hostile shadow creature
  7796 | D:11     | XOM: confusion (+ monsters)
  7800 | D:11     | XOM: potion effect (might)
  7801 | D:11     | XOM: polymorph wyvern -> acid dragon
  7810 | D:11     | Reached XP level 11. HP: 90/111 MP: 10/10
  7818 | D:11     | XOM: polymorph water moccasin -> wyvern
  7820 | D:11     | XOM: repel stairs
  7828 | D:11     | XOM: scenery: create altars
  7834 | D:11     | Reached skill level 13 in Unarmed Combat
  7834 | D:11     | XOM: summons 5 friendly demons
  7840 | D:11     | Reached skill level 5 in Fighting
  7843 | D:11     | XOM: enchant monster (bad)
  7932 | D:11     | Found a staircase to the Lair.
  7975 | D:11     | XOM: confusion
  7980 | D:11     | XOM: potion effect (brilliance)
  8032 | D:11     | Found a staircase to the Orcish Mines.
  8052 | D:11     | XOM: scenery: 1 doors close
  8070 | D:11     | XOM: summons 2 friendly demons
  8109 | D:11     | XOM: summons 5 hostile demons
  8173 | D:11     | XOM: enchant monster (bad)
  8376 | D:11     | XOM: stat loss: -1 Str (24/25)
  8569 | D:11     | XOM: noise
  8577 | D:11     | Reached skill level 1 in Armour
  8677 | Lair:1   | Entered Level 1 of the Lair of Beasts
  8677 | Lair:1   | Noticed Harold
  8682 | Lair:1   | Noticed Harold
  8682 | Lair:1   | Harold changed into Harold the redback
  8682 | Lair:1   | XOM: polymorph Harold -> Harold the redback
  8685 | Lair:1   | XOM: confusion (+ monsters)
  8686 | Lair:1   | Killed Harold the redback
  8877 | Lair:1   | Reached skill level 14 in Unarmed Combat
  9032 | Lair:1   | Noticed Nergalle
  9048 | Lair:1   | Killed Nergalle
  9100 | Lair:1   | XOM: smoke on damage
  9101 | Lair:1   | XOM: destruction
  9277 | Lair:1   | XOM: torment (74/112 hp)
  9645 | Lair:2   | XOM: give mutations
  9645 | Lair:2   | Gained mutation: You are weak. (Str -2) [Xom's mischief]
  9645 | Lair:2   | Lost mutation: Your body sometimes deteriorates upon taking
                  | damage. [Xom's mischief]
  9685 | Lair:2   | XOM: chaos cloud
  9690 | Lair:2   | Reached XP level 12. HP: 107/122 MP: 11/11
  9709 | Lair:2   | Found a staircase to the Snake Pit.
  9721 | Lair:2   | XOM: 1-stop teleportation journey
  9722 | Lair:2   | Noticed a five-headed hydra
  9739 | Lair:2   | XOM: noise
  9757 | Lair:2   | XOM: stat loss: -1 Int (6/8)
  9760 | Lair:2   | HP: 6/122 [14-headed hydra (13)]
  9760 | Lair:2   | HP: 1/122 [14-headed hydra (5)]
  9760 | Lair:2   | Slain by a 14-headed hydra

Illustrated notes

Levels and vault maps discovered:
D:1:      sevenhm_arrival_forest_fort_small_6, layout_basic, serial_shops,
          nicolae_shop_waterfront
D:2:      layout_loops_cross, shapermc_ecumenical_altar_ellora,
          corexii_corridor_pit
D:3:      layout_basic, lightli_temple_of_fire
D:4:      layout_cave_pools, minmay_temple_entry_ruins, st_stairs_9,
          feat_on_display
D:5:      layout_rooms, glass_columns_a, chequers_serial_rivers_marsh,
          st_stairs_8
D:6:      layout_loops_ring, nicolae_wu_jian_immortal_techniques,
          nemelex_dance_club_becter, chequers_serial_rivers_room_b
D:7:      layout_loops_ring, lemuel_tele_altar, nzn_hepliaklqana_mist_gate,
          enter_bailey_2, serial_shops, nicolae_shop_trees,
          nicolae_shop_crystal, kb_lookout_dungeons_type, uniq_menkaure
D:8:      lemuel_ice_statue, layout_cave_pools, nicolae_ru_awakened_eye,
          serial_shops, shop_scrolls, kennysheep_opposing_triangles,
          uniq_prince_ribbit1
D:9:      layout_roguey, hangedman_incinerator
D:10:     layout_irregular_city, kennysheep_nondescript
D:11:     layout_roguey, minmay_lair_entry_grove, zombieorc2_lemuel,
          serial_bayou_lake_a
Lair:1:   layout_cave_shapes, beast_lair_carwin_9, uniq_harold, uniq_nergalle
Lair:2:   layout_cave_shapes, elwin_shoals_entry_stream,
          guppyfry_snake_entry_island, chequers_serial_rivers_micro_b,
          lemuel_fruit_tree

Skill      XL: |  1  2  3  4  5  6  7  8  9 10 11 12 |
---------------+-------------------------------------+-----
Dodging        | 2 3 4 5 6 8 |  8.0
Unarmed Combat | 4 5 6 7 9 10 12 14 | 14.3
Fighting       | 3 4 5 |  5.1
Stealth        | 1 2 |  2.8
Throwing       | 1 |  1.4
Shields        | 2 3 4 |  4.0
Armour         | 2 |  2.3
Evocations     | |  0.8

Action                   |  1- 3 |  4- 6 |  7- 9 | 10-12 || total
-------------------------+-------+-------+-------+-------++-------
Melee: Unarmed           |   125 |    99 |   267 |   459 ||   950
       Punch             |     1 |     1 |    10 |    14 ||    26
Throw: Dart              |       |       |    10 |       ||    10
Evoke: Condenser vane    |       |       |     1 |       ||     1
       Piece from Xom's  |       |       |       |    12 ||    12
  Use: Scroll            |     2 |       |     4 |    10 ||    16
       Potion            |       |       |       |     1 ||     1
 Stab: Sleeping          |     1 |       |     1 |       ||     2
       Invisible         |       |       |     1 |       ||     1
       Confused          |       |       |     1 |       ||     1
       Petrified         |       |       |       |     7 ||     7
       Distracted        |       |       |       |     1 ||     1
Armor: Robe              |    61 |    44 |   101 |    51 ||   257
       Troll leather arm |       |       |       |    86 ||    86
Dodge: Dodged            |    62 |    41 |   169 |   355 ||   627
Block: Other             |       |       |    59 |   111 ||   170
       Reflection        |       |       |    24 |     2 ||    26

Table legend: (Time is in decaauts)
 A = Elapsed time spent in this place.
 B = Non-inter-level travel time spent in this place.
 C = Inter-level travel time spent in this place.
 D = Time resting spent in this place.
 E = Time spent auto-exploring this place.
 F = Levels seen in this place.
 G = Mean time per level.
                   A        B        C        D        E       F      G
               +--------+--------+--------+--------+--------+-----+--------+
         Total |   9587 |   9050 |    537 |    117 |   6661 |  14 |  684.8 |
       Dungeon |   8082 |   7573 |    509 |    117 |   5667 |  11 |  734.7 |
          Lair |   1055 |   1027 |     28 |      0 |    793 |   2 |  527.5 |
        Bailey |    449 |    449 |      0 |      0 |    201 |   1 |  449.0 |
               +--------+--------+--------+--------+--------+-----+--------+

Top non-repeatable levels by time:
  Lair:1: 913 daAuts
    D:11: 883 daAuts
     D:9: 875 daAuts
     D:2: 869 daAuts
     D:7: 794 daAuts
    D:10: 780 daAuts
     D:1: 734 daAuts
     D:6: 719 daAuts
     D:3: 708 daAuts
     D:8: 681 daAuts
     D:5: 557 daAuts
     D:4: 478 daAuts
  Bailey: 449 daAuts
  Lair:2: 142 daAuts
